 Dungeon Crawl Stone Soup version 0.22.1-1-ga44c0e5 (webtiles) character file.

15040 MTVSty1e the Fencer (level 11, -5/105 HPs)
             Began as a Minotaur Fighter on Oct 24, 2018.
             Was a High Priest of Okawaru.
             Killed by divine providence
             ... invoked by an orc priest
              (9 damage)
             ... on level 11 of the Dungeon.
             The game lasted 00:14:47 (12291 turns).

MTVSty1e the Fencer (Minotaur Fighter)             Turns: 12291, Time: 00:14:48

Health: -5/105     AC: 20    Str: 24    XL:     11   Next: 96%
Magic:  15/15      EV:  4    Int:  5    God:    Okawaru [*****.]
Gold:   580        SH:  9    Dex: 10    Spells: 10/10 levels left

rFire    . . .     SeeInvis +   E - +4 falchion
rCold    . . .     Gourm    .   c - +0 shield
rNeg     . . .     Faith    .   h - +1 plate armour
rPois    .         Spirit   .   (helmet restricted)
rElec    .         Reflect  .   y - +2 cloak {+Inv}
rCorr    .         Harm     .   n - +0 pair of gloves
MR       +....                  u - +0 pair of boots
Stlth    ..........             (no amulet)
HPRegen  0.27/turn              C - ring of protection from magic
MPRegen  0.14/turn              L - ring of see invisible

@: very slightly contaminated, hasted, very quick
A: retaliatory headbutt, horns 2
a: Heroism, Finesse, Renounce Religion, Evoke Invisibility


You were on level 11 of the Dungeon.
You worshipped Okawaru.
Okawaru was extremely pleased with you.
You were not hungry.

You visited 2 branches of the dungeon, and saw 12 of its levels.

You collected 580 gold pieces.

Inventory:

Hand Weapons
 x - a +0 falchion of draining
 E - a +4 falchion (weapon)
Armour
 c - a +0 shield (worn)
 h - a +1 plate armour (worn)
 n - a +0 pair of gloves (worn)
 u - a +0 pair of boots (worn)
 y - a +2 cloak of invisibility (worn)
Jewellery
 e - a +6 ring of protection
 m - an uncursed ring of fire
 o - an uncursed ring of positive energy
 C - a ring of protection from magic (left hand)
 L - a ring of see invisible (right hand)
Wands
 a - a wand of acid (6)
 i - a wand of digging (18)
 H - a wand of paralysis (7)
 J - a wand of iceblast (12)
 K - a wand of polymorph (10)
Scrolls
 f - 4 scrolls of teleportation
 l - a scroll of identify
 s - 2 scrolls of magic mapping
 G - a scroll of enchant armour
 I - 2 scrolls of amnesia
Potions
 b - a potion of brilliance
 d - 5 potions of might
 g - 2 potions of flight
 k - a potion of agility
 q - a potion of berserk rage
 t - a potion of magic
 v - a potion of ambrosia
 z - 5 potions of lignification
 A - a potion of resistance
 B - a potion of cancellation
 D - a potion of haste
 F - 6 potions of curing
Comestibles
 r - 10 rations


   Skills:
 + Level 12.3 Fighting
 * Level 16.1 Long Blades
 + Level 7.0 Armour
 - Level 3.6 Shields
 * Level 7.1 Invocations


You had 10 spell levels left.
You didn't know any spells.
Your spell library contained the following spells:

 Spells                   Type           Power        Failure   Level  Hunger
 Confusing Touch          Hex            #.....       100%        1    ##.....
 Poisonous Vapours        Pois/Air       #.....       100%        2    ###....
 Confuse                  Hex            #.......     100%        3    ####...
 Conjure Flame            Conj/Fire      #.......     100%        3    ####...
 Gell's Gravitas          Tloc           #.........   100%        3    ####...
 Mephitic Cloud           Conj/Pois/Air  #.......     100%        3    ####...
 Petrify                  Tmut/Erth      #.......     100%        4    #####..
 Metabolic Englaciation   Hex/Ice        #.........   100%        5    ######.
 Yara's Violent Unravell  Hex/Tmut       #.........   100%        5    ######.
 Freezing Cloud           Conj/Ice/Air   #.........   100%        6    #######
 Ring of Flames           Chrm/Fire      #.........   100%        7    #######


Dungeon Overview and Level Annotations

Branches:
Dungeon (11/15)            Temple (1/1) D:7            Lair (0/6) D:10
    Orc (0/2) D:11

Altars:
Ashenzari
Cheibriados
Dithmenos
Elyvilon
Fedhas
Gozag
Hepliaklqana
Kikubaaqudgha
Makhleb
Nemelex Xobeh
Okawaru
Qazlal
Ru
Sif Muna
Trog
Uskayaw
Vehumet
Wu Jian
Xom
Yredelemnul
Zin
The Shining One

Annotations:
D:5 3 runed doors, buskinjo's ghost, novice DrGl
D:10 2 transporters, wilfster70's ghost, novice GnWz
D:11 Snorg


Innate Abilities, Weirdness & Mutations

You reflexively headbutt those who attack you in melee.
You have a pair of horns on your head.


Message History

You slash Snorg!
Snorg is heavily wounded.
You slice Snorg!!
Snorg is severely wounded.
Snorg bites you but does no damage. Snorg claws you but does no damage.
Snorg claws you!
* * * LOW HITPOINT WARNING * * *
You feel yourself speed up.
Snorg looks more energetic.
Found a robe.
An orc warrior comes into view. It is wielding a glaive.
You feel like a meek peon again.
The orc warrior shouts!
The orc priest shouts!
The orc warrior moves out of view.
You block the orc priest's attack.
There is a staircase to the Orcish Mines here.
The orc warrior hits you from afar with a glaive.
* * * LOW HITPOINT WARNING * * *
The orc priest mumbles some strange prayers to Beogh against you.
Beogh smites you!
You die...

l....#.....###.(.##..#.
###...........))........
.....######.####..###.##
..........#.# #..# #..!
........#.#.# #..# #.##
# ##†#)#.# #..###.##
#.##<.[.#.# #..##...#
#....#)...####.......#
####.@...........#...#
##.###.####.#.#####
######..##.## #.#.#
.......o>#...###.#.#
..##..o....#.....#.##
......###...####.<.###
..##...#....## #.....# .
#####.##.# #...#.#
#######.# .# #####.#


You could see an orc warrior and an orc priest.

Vanquished Creatures
  2 two-headed ogres
  3 death yaks (D:10)
  An unseen horror (D:10)
  4 ugly things
  A cyclops (D:11)
  Maurice (D:8)
  2 trolls
  A hornet (D:7)
  A hippogriff (D:10)
  3 wyverns
  10 yaks
  A spriggan (D:8)
  A hungry ghost (D:9)
  A soldier ant (D:10)
  A water moccasin (D:10)
  A sky beast (D:9)
  4 orc warriors
  An ice beast (D:6)
  A black bear (D:11)
  3 necrophages
  9 centaurs
  12 ogres
  A crocodile (D:9)
  Blork the orc (D:6)
  4 bullfrogs
  A wyvern zombie (D:10)
  A water moccasin skeleton (D:9)
  2 wyvern skeletons (D:9)
  3 scorpions
  4 wights (D:7)
  10 killer bees
  4 howler monkeys
  6 crimson imps
  2 centaur zombies
  A bullfrog zombie (D:7)
  A centaur skeleton (D:8)
  2 hounds (D:4)
  3 jellies
  2 bullfrog skeletons
  4 orc priests
  8 orc wizards
  An iguana (D:9)
  12 worker ants
  A killer bee zombie (D:5)
  2 hound skeletons
  7 gnolls
  16 adders
  3 shadow imps
  An ooze (D:2)
  3 adder skeletons
  2 worms (D:2)
  4 leopard geckos
  33 orcs
  A ball python (D:1)
  8 giant cockroaches
  19 goblins
  9 hobgoblins
  5 jackals
  4 quokkas
  6 bats
  4 frilled lizards
  12 kobolds
  A quokka skeleton (D:4)
  A quokka zombie (D:6)
  8 rats
287 creatures vanquished.

Notes
Turn   | Place    | Note
-------+----------+-------------------------------------------
     0 | D:1      | MTVSty1e the Minotaur Fighter began the quest for the Orb.
     0 | D:1      | Reached XP level 1. HP: 19/19 MP: 0/0
   287 | D:1      | Reached skill level 3 in Long Blades
   334 | D:1      | Reached XP level 2. HP: 27/27 MP: 1/1
   763 | D:2      | Reached XP level 3. HP: 33/33 MP: 2/2
   883 | D:2      | Reached skill level 4 in Long Blades
  1089 | D:2      | Reached XP level 4. HP: 33/41 MP: 3/3
  1521 | D:3      | Reached skill level 5 in Long Blades
  1655 | D:3      | Reached XP level 5. HP: 39/47 MP: 4/4
  1929 | D:3      | Reached skill level 5 in Fighting
  2268 | D:4      | Reached skill level 6 in Long Blades
  2471 | D:4      | You fall through a shaft for 2 floors!
  2552 | D:5      | Entered Level 5 of the Dungeon
  2580 | D:4      | Reached XP level 6. HP: 50/56 MP: 5/5
  2927 | D:4      | Reached skill level 7 in Long Blades
  3574 | D:5      | Reached XP level 7. HP: 59/63 MP: 6/6
  3624 | D:5      | Noticed buskinjo's ghost (novice DrGl)
  3651 | D:5      | Reached skill level 8 in Long Blades
  4074 | D:5      | Found a runed gate.
  4074 | D:5      | Found a runed gate.
  4074 | D:5      | Found a runed gate.
  4118 | D:5      | Reached skill level 9 in Long Blades
  4354 | D:6      | Noticed Blork the orc
  4367 | D:6      | Killed Blork the orc
  4391 | D:6      | Reached XP level 8. HP: 63/73 MP: 7/7
  4499 | D:6      | Reached skill level 10 in Long Blades
  5024 | D:6      | Reached skill level 11 in Long Blades
  5121 | D:6      | Found a snail-covered altar of Cheibriados.
  5181 | D:6      | Reached XP level 9. HP: 46/82 MP: 8/8
  5409 | D:7      | Reached skill level 12 in Long Blades
  5432 | D:7      | You fall through a shaft!
  5438 | D:8      | Found a shattered altar of Ashenzari.
  5848 | D:7      | Found a staircase to the Ecumenical Temple.
  5866 | Temple   | Entered the Ecumenical Temple
  6083 | Temple   | Became a worshipper of Warmaster Okawaru
  6365 | D:7      | Reached skill level 10 in Fighting
  6365 | D:7      | Reached skill level 13 in Long Blades
  6494 | D:8      | Noticed a troll
  6512 | D:8      | Killed a troll
  6968 | D:8      | Noticed a two-headed ogre
  6974 | D:8      | Killed a two-headed ogre
  6974 | D:8      | Reached * piety under Okawaru
  6974 | D:8      | Reached skill level 14 in Long Blades
  6974 | D:8      | Reached XP level 10. HP: 78/93 MP: 9/9
  7193 | D:8      | Noticed Maurice
  7220 | D:8      | Killed Maurice
  7509 | D:9      | Found a burning altar of Makhleb.
  7540 | D:9      | Noticed a red ugly thing
  7556 | D:9      | Killed a red ugly thing
  7556 | D:9      | Reached skill level 1 in Invocations
  7560 | D:9      | Reached ** piety under Okawaru
  9108 | D:9      | Reached skill level 15 in Long Blades
  9109 | D:9      | Reached skill level 5 in Armour
  9396 | D:10     | Entered Level 10 of the Dungeon
  9402 | D:10     | Reached *** piety under Okawaru
  9439 | D:10     | Noticed a death yak
  9439 | D:10     | Noticed an unseen horror
  9439 | D:10     | Noticed a death yak
  9616 | D:10     | Reached XP level 11. HP: 101/101 MP: 13/13
  9697 | D:10     | Noticed a two-headed ogre
  9712 | D:10     | Killed a two-headed ogre
  9811 | D:10     | Noticed wilfster70's ghost (novice GnWz)
  9814 | D:10     | Found a transporter.
  9822 | D:10     | Noticed a deep troll earth mage
  9831 | D:10     | Found a transporter.
  9875 | D:10     | Killed an unseen horror
  9889 | D:10     | Reached **** piety under Okawaru
 10021 | D:10     | Found a staircase to the Lair.
 10062 | D:10     | Reached skill level 5 in Invocations
 10154 | D:10     | Noticed a death yak
 10178 | D:10     | Killed a death yak
 10184 | D:10     | Killed a death yak
 10201 | D:10     | Killed a death yak
 10215 | D:10     | HP: 5/103 [yak (8)]
 10218 | D:10     | Reached ***** piety under Okawaru
 10223 | D:10     | HP: 5/103 [poisoned by an adder]
 10231 | D:10     | HP: 5/103 [poisoned by an adder]
 10913 | D:11     | Found a staircase to the Orcish Mines.
 10952 | D:11     | Noticed a brown ugly thing
 11217 | D:11     | Killed a brown ugly thing
 11423 | D:11     | Reached skill level 16 in Long Blades
 11802 | D:11     | Noticed a cyan ugly thing
 11810 | D:11     | Noticed a red ugly thing
 11819 | D:11     | Killed a cyan ugly thing
 11835 | D:11     | HP: 5/104 [red ugly thing (16)]
 11843 | D:11     | Killed a red ugly thing
 11854 | D:11     | Received a gift from Okawaru
 12222 | D:11     | Noticed Snorg
 12260 | D:11     | HP: 4/105 [Snorg (7)]
 12289 | D:11     | HP: 4/105 [orc warrior/glaive (6)]
 12291 | D:11     | Killed from afar by an orc priest

Skill      XL: |  1  2  3  4  5  6  7  8  9 10 11 |
---------------+----------------------------------+-----
Long Blades    | 3 4 5 6 7 9 11 14 15 16 | 16.1
Fighting       | 4 5 6 7 8 10 11 12 | 12.3
Armour         | 5 7 |  7.0
Invocations    | 4 7 |  7.1
Shields        | |  3.6

Action                   |  1- 3 |  4- 6 |  7- 9 | 10-12 || total
-------------------------+-------+-------+-------+-------++-------
Melee: Long sword        |   111 |   135 |       |       ||   246
       Headbutt          |    18 |    35 |    61 |   120 ||   234
       Falchion          |       |   103 |   333 |   512 ||   948
Invok: Heroism           |       |       |       |     4 ||     4
       Finesse           |       |       |       |     1 ||     1
 Abil: Evoke Invisibilit |       |       |       |     1 ||     1
  Use: Scroll            |       |       |    16 |     9 ||    25
       Potion            |       |       |       |     3 ||     3
  Eat: Ration            |     1 |     1 |     3 |     6 ||    11
       Chunk             |       |     4 |       |     1 ||     5
Armor: Scale mail        |    18 |       |       |       ||    18
       Plate armour      |    81 |   131 |   222 |   286 ||   720
Dodge: Dodged            |    20 |    35 |    56 |    69 ||   180
Block: Shield            |    72 |   113 |   155 |   175 ||   515
       Rpst.: Long sword |     5 |     5 |       |       ||    10
       Falchion          |       |     5 |    15 |    15 ||    35
